 Dungeon Crawl Stone Soup version 0.28.0-53-g5a82cb258f (webtiles) character file.

Game seed: 2059702873635496178

223 H0rd4k the Charlatan (level 6, -1/44 HPs)
             Began as a Human Artificer on July 7, 2022.
             Succumbed to an adder's poison
             ... on level 4 of the Dungeon.
             The game lasted 00:03:35 (4487 turns).

H0rd4k the Charlatan (Human Artificer)              Turns: 4487, Time: 00:03:35

Health: -1/44      AC:  5    Str: 12    XL:     6   Next: 20%
Magic:  6/6        EV: 12    Int: 14    God:
Gold:   185        SH:  5    Dex: 13    Spells: 5/5 levels left

rFire   + . .      SeeInvis .   q - +2 flail (protect)
rCold   . . .      Faith    .   (no shield)
rNeg    + . .      Spirit   .   r - +2 leather armour {rF+}
rPois   .          Reflect  +   (no helmet)
rElec   .          Harm     .   (no cloak)
rCorr   .          Rampage  .   (no gloves)
Will    .....                   (no boots)
Stlth   +.........              l - amulet of reflection
HPRegen 0.14/turn               a - ring of positive energy
MPRegen 0.10/turn               (no ring)

@: lethally poisoned (-1 -> -8)
A: no striking features
a: no special abilities


You were on level 4 of the Dungeon.
You visited 1 branch of the dungeon, and saw 4 of its levels.

You collected 185 gold pieces.

Inventory:

Hand Weapons
 f - a +0 mace
 q - a +2 flail of protection (weapon)
 t - the +5 hand axe "Goxiam" {freeze, rPois rN+ Str+3 Dex-5}
   (You found it on level 3 of the Dungeon)

   It freezes those it strikes, dealing additional cold damage.
   It can also slow down cold-blooded creatures.
   Str:       It affects your strength (+3).
   Dex:       It affects your dexterity (-5).
   rPois:     It protects you from poison.
   rN:        It protects you from negative energy.
Missiles
 u - 5 poisoned darts
Armour
 b - a +0 leather armour
 r - a +2 leather armour of fire resistance (worn)
Jewellery
 a - a ring of positive energy (left hand)
 l - an amulet of reflection (around neck)
Wands
 c - a wand of flame (3) (quivered)
 d - a wand of charming (11)
Scrolls
 h - 4 scrolls of identify {unknown}
 i - 3 scrolls of fog {unknown}
 j - a scroll of immolation {unknown}
 k - a scroll of enchant weapon {unknown}
 p - 2 scrolls of teleportation {unknown}
Potions
 g - a potion of cancellation {unknown}
 m - a potion of mutation {unknown}
 n - a potion of heal wounds {unknown}
 o - a potion of invisibility {unknown}
 s - a potion of berserk rage {unknown}
Miscellaneous
 e - a piece from Xom's chessboard (15/15)


   Skills:
 + Level 2.2 Fighting
 + Level 3.7 Maces & Flails
 - Level 2.0 Armour
 + Level 2.1 Dodging
 - Level 1.0 Stealth
 + Level 0.9 Shields
 + Level 3.9 Evocations


You had 5 spell levels left.
You didn't know any spells.
Your spell library contained the following spells:

 Spells                   Type           Power      Damage    Failure   Level
 Animate Skeleton         Necr           0%         N/A       36%         1
 Magic Dart               Conj           0%         1d3       36%         1
 Pain                     Necr           0%         1d4       36%         1
 Call Imp                 Summ           0%         N/A       50%         2
 Mephitic Cloud           Conj/Pois/Air  0%         N/A       73%         3
 Vampiric Draining        Necr           0%         2d6       73%         3


Dungeon Overview and Level Annotations

Branches:
Dungeon (4/15)
 Temple: D:4-7

Altars:
Sif Muna
Xom

Annotations:
D:4 1 transporter


Message History

r - Retreat! s - Stop attacking. g - Guard the area. f - Follow me.
Anything else - Cancel.
Guard this area!
Your gnoll hits the gnoll but does no damage.
The gnoll hits your gnoll with a +0 club.
Your gnoll barely misses the gnoll.
The gnoll hits your gnoll with a +0 club.
Your gnoll hits the gnoll with a +0 club.
The gnoll hits your gnoll with a +0 club.
Your gnoll dies!
An adder comes into view.
The adder hisses angrily.
You closely miss the adder. You block the adder's attack.
The adder bites you but does no damage.
You barely miss the adder. Your punch misses the adder. The adder bites you.
* * * LOW HITPOINT WARNING * * *
You are poisoned.
The adder poisons you! You block the adder's attack.
You hit the adder.
Your weapon exudes an aura of protection.
The adder is moderately wounded.
You feel sick. The adder barely misses you.
You barely miss the adder.
The adder is moderately wounded.
You feel sick. You block the adder's attack.
The adder bites you but does no damage.
You barely miss the adder.
The adder is moderately wounded.
You feel sick.
You are no longer poisoned.
The adder bites you.
* * * LOW HITPOINT WARNING * * *
You are lethally poisoned!
The adder poisons you!
Aiming: Charm
Press: ? - help, Shift-Dir - straight line, f - adder
Aim: an adder (moderately wounded, chance to affect: 67%)
The adder is charmed.
You die...

#≈..☼..≈. #.# #≈.°...≈#
#.#
#J≈...≈≈#########.####
#.≈≈≈≈≈#w†g)g........#
##)######.########.##.#
..)gJg..#.# #....#
##.......S# #g####
#....##.### #S##
#..©.##.# #.#@#
######### #.###.....#
...○.. #. ######
......° . ..#©#..# #.
...!. #


You could see a gnoll and a friendly adder (charmed).

Vanquished Creatures
  A bullfrog (D:4)
  A gnoll (D:2)
  4 adders
  An ufetubus (D:3)
  2 worms
  A dart slug (D:2)
  4 orcs
  6 endoplasms
  3 giant cockroaches (D:2)
  5 goblins
  4 hobgoblins
  6 jackals (D:1)
  4 quokkas
  5 ball pythons
  6 bats
  4 frilled lizards
  10 kobolds
  6 rats
73 creatures vanquished.

Vanquished Creatures (collateral kills)
  An endoplasm (D:2)
  A hobgoblin (D:2)
  A kobold (D:2)
3 creatures vanquished.

Vanquished Creatures (others)
  A gnoll shaman (D:4)
  A gnoll (D:4)
2 creatures vanquished.

Grand Total: 78 creatures vanquished

Notes
Turn   | Place    | Note
-------+----------+-------------------------------------------
     0 | D:1      | H0rd4k the Human Artificer began the quest for the Orb.
     0 | D:1      | Reached XP level 1. HP: 15/15 MP: 1/1
   248 | D:1      | Reached XP level 2. HP: 18/21 MP: 2/2
   255 | D:1      | HP: 1/21 [rat (1)]
   869 | D:1      | Reached XP level 3. HP: 21/26 MP: 3/3
  1019 | D:1      | Reached skill level 1 in Maces & Flails
  1078 | D:1      | Found a faded altar of an unknown god.
  2016 | D:2      | Reached XP level 4. HP: 7/32 MP: 4/4
  2772 | D:2      | HP: 1/32 [gnoll/+0 halberd (9)]
  3112 | D:2      | Found a shimmering blue altar of Sif Muna.
  3411 | D:3      | Reached XP level 5. HP: 26/38 MP: 5/5
  4022 | D:3      | Identified the +5 hand axe "Goxiam" {freeze, rPois rN+
                  | Str+3 Dex-5}
  4414 | D:4      | Found a transporter.
  4415 | D:4      | Found a shimmering altar of Xom.
  4415 | D:4      | Noticed a bullfrog
  4453 | D:4      | Killed a bullfrog
  4454 | D:4      | Reached XP level 6. HP: 28/44 MP: 6/6
  4486 | D:4      | HP: 1/44 [adder (3)]
  4487 | D:4      | Succumbed to an adder's poison

Illustrated notes

Levels and vault maps discovered:
D:1:      onia_arrival_mini_maze, layout_basic, shapermc_ecumenical_altar_petra
D:2:      minmay_razor_zed, layout_basic, basic_altar,
          nicolae_concentric_dashed_squares_wild, corexii_leaking_fountain
D:3:      layout_basic
D:4:      gammafunk_cloud_chamber, layout_loops_ring, xom_confusion_cloud,
          minivault_26, minmay_shop_damaged, uniq_blork_the_orc, uniq_pikel

Skill      XL: |  1  2  3  4  5 |
---------------+----------------+-----
Maces & Flails | 2 3 |  3.7
Fighting       | 2 |  2.2
Dodging        | 2 |  2.1
Armour         | |  2.0
Stealth        | |  1.0
Shields        | |  0.9
Evocations     | |  3.9

Action                   |  1- 3 |  4- 6 || total
-------------------------+-------+-------++-------
Melee: Mace              |   110 |    63 ||   173
       Club              |     3 |       ||     3
       Punch             |     1 |     1 ||     2
       Flail             |       |    76 ||    76
Evoke: Wand              |     5 |    11 ||    16
 Stab: Sleeping          |     1 |       ||     1
Armor: Leather armour    |    34 |    31 ||    65
Dodge: Dodged            |    79 |    72 ||   151
Block: Other             |     5 |    43 ||    48
